 Dungeon Crawl Stone Soup version 0.29.0-4-gdea44cf6ec (webtiles) character file.

Game seed: 352012151142210698

291 qw the Chopper (level 6, -3/35 HPs)
             Began as a Tengu Warper on Aug 28, 2022.
             Slain by an iguana (8 damage)
             ... on level 5 of the Dungeon.
             The game lasted 00:00:25 (4149 turns).

qw the Chopper (Tengu Warper)                       Turns: 4149, Time: 00:00:25

Health: -3/35      AC:  8    Str: 13    XL:     6   Next: 32%
Magic:  0/10       EV:  7    Int: 14    God:
Gold:   277        SH:  0    Dex: 13    Spells: 9/9 levels left

rFire   . . .      SeeInvis .   Y - +0 hand axe
rCold   . . .      Faith    .   (no shield)
rNeg    . . .      Spirit   +   b - +0 chain mail
rPois   .          Reflect  .   (helmet restricted)
rElec   .          Harm     .   (no cloak)
rCorr   .          Rampage  .   (no gloves)
Will    .....                   (boots unavailable)
Stlth   ..........              h - amulet of guardian spirit
HPRegen 0.11/turn               (no ring)
MPRegen 0.12/turn               (no ring)

@: about to teleport, flying quickly and evasively, quick
A: beak, talons 3, nimble flight
a: no special abilities


You were on level 5 of the Dungeon.
You visited 1 branch of the dungeon, and saw 5 of its levels.

You collected 277 gold pieces.


Innate Abilities, Weirdness & Mutations

You have a beak for a mouth.
You have claws for feet.
Your magical nature lets you fly swiftly and evasively.


   Skills:
 - Level 2.0 Fighting
 - Level 6.9 Axes
 - Level 1.0 Throwing
 + Level 1.8 Armour
 - Level 2.1 Dodging
 - Level 2.0 Spellcasting
 - Level 2.4 Translocations


You had 9 spell levels left.
You didn't know any spells.
Your spell library contained the following spells:

 Spells                   Type           Power      Damage    Failure   Level
 Blink                    Tloc           16%        N/A       99%         2
 Gell's Gravitas          Tloc           8%         N/A       100%        3
 Lesser Beckoning         Tloc           8%         N/A       100%        3
 Teleport Other           Tloc           8%         N/A       100%        3
 Manifold Assault         Tloc           8%         N/A       100%        5

Inventory:

Hand Weapons
 d - a +0 whip
 Y - a +0 hand axe (weapon)
Armour
 b - a +0 chain mail (worn)
Jewellery
 c - a ring of fire
 h - an amulet of guardian spirit (around neck)
Scrolls
 i - a scroll of teleportation
 j - a scroll of identify
Potions
 a - a potion of curing
 f - a potion of cancellation
 g - a potion of haste
 l - a potion of resistance
 m - a potion of invisibility {unknown}
 n - a potion of brilliance {unknown}

Dungeon Overview and Level Annotations

Branches:
Dungeon (5/15)
 Temple: D:4-7

Altars:
Gozag
Makhleb
Trog
Uskayaw
Vehumet


Message History

The iguana is moderately wounded.
You hit the phantom but do no damage. The iguana bites you!
The phantom hits you but does no damage.
You hit the iguana but do no damage. You claw the iguana.
You peck the iguana, but do no damage.
The iguana is moderately wounded.
You miss the phantom. The iguana bites you.
The phantom hits you but does no damage.
You hit the iguana but do no damage. You claw the iguana, but do no damage.
The iguana is moderately wounded.
You closely miss the phantom. The iguana closely misses you.
The phantom hits you but does no damage.
You hit the iguana.
The iguana is heavily wounded.
You barely miss the phantom.
The iguana bites you but does no damage.
The phantom hits you but does no damage.
You hit the iguana. Your kick misses the iguana.
You peck the iguana, but do no damage.
The iguana is severely wounded.
You hit the phantom. The iguana bites you!
The phantom hits you but does no damage.
You barely miss the iguana. You claw the iguana, but do no damage.
The iguana is severely wounded.
You miss the phantom. The iguana bites you.
The phantom hits you but does no damage.
4148 ||| READING 2 scrolls of teleportation.
As you read the scroll of teleportation, it crumbles to dust.
You feel strangely unstable. The iguana bites you.
The phantom completely misses you.
You closely miss the iguana. You claw the iguana. Your peck misses the iguana.
The iguana is almost dead.
You hit the phantom but do no damage. The iguana bites you!
You die...

^..^..... .....
..^...... .....
^..^....^......
.......^#......
........#......
...............
.(.............
^.^...l@W......
#.####.######..
##


You could see a phantom and an iguana.

Vanquished Creatures
  A scorpion (D:4)
  A hound (D:4)
  An iguana (D:4)
  A gnoll (D:1)
  6 adders
  4 worms
  4 dart slugs
  7 orcs
  8 endoplasms
  2 giant cockroaches
  7 hobgoblins
  13 jackals
  4 quokkas
  4 ball pythons
  3 bats
  5 frilled lizards
  6 goblins
  10 kobolds
  2 rats
89 creatures vanquished.

Vanquished Creatures (others)
  4 toadstools (D:1)
4 creatures vanquished.

Grand Total: 93 creatures vanquished

Notes
Turn   | Place    | Note
-------+----------+-------------------------------------------
     0 | D:1      | qw the Tengu Warper began the quest for the Orb.
     0 | D:1      | Reached XP level 1. HP: 12/12 MP: 4/4
     0 | D:1      | 0 ||| qw: Version: 0.1-a-89-g26bdef1
     0 | D:1      | 0 ||| qw: Game counter: 363
     0 | D:1      | 0 ||| qw: Always use a shield: true
     0 | D:1      | 0 ||| qw: God list: Okawaru
     0 | D:1      | 0 ||| qw: Allow faded altars: false
     0 | D:1      | 0 ||| qw: Do Orc after D:15 true
     0 | D:1      | 0 ||| qw: Do second Lair branch before Depths: true
     0 | D:1      | 0 ||| qw: Lair rune preference: random
     0 | D:1      | 0 ||| qw: Plans: Normal
     0 | D:1      | 0 ||| PLANNING D:1-11
   272 | D:1      | 272 ||| UPGRADING to +0 scale mail.
   422 | D:1      | 422 ||| DROPPING +0 leather armour.
   523 | D:1      | Reached skill level 3 in Axes
   523 | D:1      | Reached XP level 2. HP: 11/17 MP: 6/6
   651 | D:1      | HP: 2/17 [frozen (3)]
   657 | D:1      | HP: 1/17 [jackal (2)]
   659 | D:1      | Reached XP level 3. HP: 1/21 MP: 7/7
  1240 | D:1      | 1240 ||| UPGRADING to amulet of guardian spirit.
  1245 | D:1      | 1245 ||| READING scroll labelled OQODUX NAZA.
  1246 | D:1      | 1246 ||| READING scroll labelled IDADIY TOJEV.
  1249 | D:1      | 1249 ||| DROPPING scroll of blinking.
  1262 | D:2      | Reached skill level 4 in Axes
  1293 | D:2      | 1293 ||| FLEEEEING.
  1295 | D:2      | 1295 ||| STAIRDANCE
  1501 | D:2      | 1501 ||| Stepping ~*~*~tactically~*~*~ (stealth).
  1506 | D:2      | 1506 ||| Stepping ~*~*~tactically~*~*~ (water).
  1606 | D:2      | Reached XP level 4. HP: 26/26 MP: 8/8
  1671 | D:2      | 1671 ||| Stepping ~*~*~tactically~*~*~ (stealth).
  1853 | D:2      | Reached skill level 5 in Axes
  2010 | D:2      | 2010 ||| DROPPING amulet of magic regeneration.
  2011 | D:2      | 2011 ||| READING scroll labelled WUACKE KAISISM.
  2012 | D:2      | 2012 ||| DRINKING 2 glowing cyan potions.
  2117 | D:2      | 2117 ||| DROPPING potion of berserk rage.
  2166 | D:2      | 2166 ||| DRINKING 2 glowing ruby potions.
  2448 | D:3      | 2448 ||| Stepping ~*~*~tactically~*~*~ (stealth).
  2458 | D:3      | 2458 ||| Stepping ~*~*~tactically~*~*~ (stealth).
  2471 | D:3      | 2471 ||| Stepping ~*~*~tactically~*~*~ (stealth).
  2541 | D:3      | Found a faded altar of an unknown god.
  2704 | D:3      | Gained mutation: Your magical nature lets you fly swiftly
                  | and evasively. [Tengu growth]
  2704 | D:3      | Reached XP level 5. HP: 30/30 MP: 7/9
  3147 | D:3      | 3147 ||| READING scroll labelled ITUOJU BIWNUI.
  3148 | D:3      | 3148 ||| DRINKING 2 smoky grey potions.
  3149 | D:3      | 3149 ||| READING 3 scrolls of identify.
  3149 | D:3      | 3149 ||| IDENTIFYING emerald potion
  3150 | D:3      | 3150 ||| READING 2 scrolls of identify.
  3150 | D:3      | 3150 ||| IDENTIFYING bubbling white potion
  3190 | D:4      | Found an opulent altar of Gozag.
  3199 | D:4      | 3199 ||| FLEEEEING.
  3200 | D:4      | 3200 ||| FLEEEEING.
  3201 | D:4      | 3201 ||| FLEEEEING.
  3202 | D:4      | 3202 ||| FLEEEEING.
  3298 | D:4      | Reached skill level 6 in Axes
  3368 | D:4      | 3368 ||| Stepping ~*~*~tactically~*~*~ (stealth).
  3369 | D:4      | 3369 ||| Stepping ~*~*~tactically~*~*~ (stealth).
  3529 | D:4      | Reached XP level 6. HP: 35/35 MP: 10/10
  3593 | D:4      | 3593 ||| Stepping ~*~*~tactically~*~*~ (stealth).
  3695 | D:4      | Found a burning altar of Makhleb.
  3965 | D:4      | Found a hide-covered altar of Uskayaw.
  3971 | D:4      | Found a bloodstained altar of Trog.
  3976 | D:4      | Found a radiant altar of Vehumet.
  4099 | D:4      | 4099 ||| UPGRADING to +0 chain mail.
  4109 | D:4      | 4109 ||| DROPPING +0 scale mail.
  4110 | D:4      | 4110 ||| READING scroll labelled BUMOFU VIOXKI.
  4111 | D:4      | 4111 ||| DRINKING 2 brown potions.
  4112 | D:4      | 4112 ||| DRINKING 2 purple potions.
  4113 | D:4      | 4113 ||| DROPPING potion of flight.
  4114 | D:4      | 4114 ||| DROPPING potion of attraction.
  4132 | D:5      | Entered Level 5 of the Dungeon
  4133 | D:5      | 4133 ||| STAIRDANCE
  4147 | D:5      | HP: 8/35 [iguana (4)]
  4148 | D:5      | 4148 ||| READING 2 scrolls of teleportation.
  4149 | D:5      | Slain by an iguana

Levels and vault maps discovered:
D:1:      ldierk_water_garden, layout_basic, chequers_arboretum, glass_columns_c
D:2:      layout_rooms, kennysheep_cross_bottleneck, kennysheep_generic_room_10
D:3:      cheibrodos_greedy_goblins, layout_basic,
          shapermc_ecumenical_altar_petra, minmay_crystal_water
D:4:      layout_basic, overflow_temple_1_default, mainiacjoe_overflow_catwalk,
          minmay_overflow_temple_star_quad
D:5:      layout_gridville, kennysheep_little_box, serial_glass,
          glass_columns_a, glass_columns_c, glass_columns_a, glass_columns_b,
          minmay_holes, amcnicky_mini_rare_corridor_liquid

Skill      XL: |  1  2  3  4  5 |
---------------+----------------+-----
Axes           | 3 4 5 6 |  6.9
Fighting       | |  2.0
Throwing       | |  1.0
Armour         | |  1.8
Dodging        | |  2.1
Spellcasting   | |  2.0
Translocations | |  2.4

Action                   |  1- 3 |  4- 6 || total
-------------------------+-------+-------++-------
Melee: Hand axe          |    60 |   147 ||   207
       Kick              |    15 |    44 ||    59
       Peck              |    10 |    22 ||    32
       Punch             |       |     3 ||     3
Throw: Boomerang         |    16 |    48 ||    64
  Use: Scroll            |     2 |     6 ||     8
       Potion            |       |     5 ||     5
Armor: Leather armour    |     2 |       ||     2
       Scale mail        |    28 |    44 ||    72
       Chain mail        |       |    12 ||    12
Dodge: Dodged            |    41 |    57 ||    98

Table legend:
 A = Non-vault XP
 B = Vault XP
 C = Vault XP percentage of total XP
 D = Non-vault monster count
 E = Vault monster count
 F = Vault count percentage of total count
                 A         B        C        D         E       F
            +---------+---------+-------+---------+---------+-------
      Total |     402 |      14 |   3.4 |      81 |       8 |   9.0
            +---------+---------+-------+---------+---------+-------
        D:1 |      43 |       0 |   0.0 |      19 |       0 |   0.0
        D:2 |      80 |       3 |   3.6 |      18 |       2 |  10.0
        D:3 |      65 |      11 |  14.5 |      22 |       6 |  21.4
        D:4 |     214 |       0 |   0.0 |      22 |       0 |   0.0
            +---------+---------+-------+---------+---------+-------
